 Dungeon Crawl Stone Soup version 0.28-a0-268-g3f656e82c2 (webtiles) character file.

Game seed: 13242303798759175145

32 bande the Shield-Bearer (level 3, -2/23 HPs)
             Began as a Gargoyle Fighter on Aug 29, 2021.
             Slain by an iguana (7 damage)
             ... on level 2 of the Dungeon.
             The game lasted 00:01:26 (1140 turns).

bande the Shield-Bearer (Gargoyle Fighter)          Turns: 1140, Time: 00:01:27

Health: -2/23      AC: 10    Str: 19    XL:     3   Next: 27%
Magic:  3/3        EV:  4    Int:  8    God:
Gold:   0          SH:  8    Dex: 10    Spells: 2/2 levels left

rFire   . . .      SeeInvis .   a - +0 war axe
rCold   . . .      Faith    .   c - +0 kite shield
rNeg    + . .      Spirit   .   b - +0 scale mail
rPois   ∞          Reflect  .   (no helmet)
rElec   +          Harm     .   (no cloak)
rCorr   .          Rampage  .   (no gloves)
Will    .....                   (no boots)
Stlth   ..........              (no amulet)
HPRegen 0.07/turn               (no ring)
MPRegen 0.08/turn               (no ring)

@: constricted, studying Short Blades
A: sickness immunity, AC +3, negative energy resistance 1, electricity
resistance, torment resistance 1, petrification resistance
a: no special abilities


You were on level 2 of the Dungeon.
You visited 1 branch of the dungeon, and saw 2 of its levels.

Inventory:

Hand Weapons
 a - a +0 war axe (weapon)
Armour
 b - a +0 scale mail (worn)
 c - a +0 kite shield (worn)
Scrolls
 e - a scroll of immolation {unknown}
 f - 2 scrolls of identify {unknown}
 g - 2 scrolls of teleportation {unknown}
 h - a scroll of noise {unknown}
 j - a scroll of blinking {unknown}
Potions
 d - a potion of might
 i - a potion of degeneration {unknown}


   Skills:
 + Level 3.5 Fighting
 + Level 2.3 Axes
 + Level 3.6 Armour
 + Level 3.7 Shields


You had 2 spell levels left.
You didn't know any spells.
Your spell library was empty.

Dungeon Overview and Level Annotations

Branches:
Dungeon (2/15)

Altars:
Dithmenos


Innate Abilities, Weirdness & Mutations

You are immune to sickness and miasma.
Your stone body is resilient. (AC +3)
You are immune to poison.
You resist negative energy. (rN+)
You are resistant to electric shocks. (rElec)
You are resistant to unholy torment.
You are immune to petrification.


Message History

Things that are here:
a +0 short sword; a kobold corpse
Things that are here:
a frilled lizard corpse; a ball python corpse
There is a stone staircase leading down here.
There is a stone staircase leading down here.
You climb downwards.
The frilled lizard hisses angrily.
The ball python hisses angrily.
Found a shadowy altar of Dithmenos.
Found an escape hatch in the floor.
Found a stone staircase leading down.
There is a stone staircase leading up here.
You hit the iguana.
The iguana is lightly wounded.
The iguana bites you!
You hit the iguana but do no damage.
The iguana is lightly wounded.
The iguana closely misses you. You block the frilled lizard's attack.
The iguana closely misses you.
Your shield and scale mail prevent you from hitting the iguana.
The iguana is lightly wounded.
You slash the frilled lizard!
You kill the frilled lizard!
The iguana bites you.
The ball python bites you but does no damage.
The ball python grabs you. The ball python constricts you.
You barely miss the iguana.
The iguana is lightly wounded.
You barely miss the ball python. The iguana bites you.
* * * LOW HITPOINT WARNING * * *
The ball python bites you but does no damage.
The ball python constricts you. You block the iguana's attack.
The ball python bites you but does no damage.
The ball python constricts you.
You closely miss the iguana.
The iguana is lightly wounded.
You closely miss the ball python.
The iguana bites you but does no damage.
The ball python bites you but does no damage.
The ball python constricts you. The iguana bites you!
You die...

. .. #. .##
..##.##..#
.......#.#
..........
#..._..#.#
#......#l#
#......#@###..#
#.....>S......#
##..............
.............##.
##.#####.##### #
#.# #.# #># .#


You could see an iguana and a ball python.

Vanquished Creatures
  5 ball pythons (D:1)
  2 bats (D:1)
  2 endoplasms (D:1)
  4 giant cockroaches (D:1)
  2 goblins (D:1)
  3 hobgoblins (D:1)
  2 quokkas (D:1)
  4 frilled lizards
  2 kobolds (D:1)
  4 rats (D:1)
30 creatures vanquished.

Notes
Turn   | Place    | Note
-------+----------+-------------------------------------------
     0 | D:1      | bande the Gargoyle Fighter began the quest for the Orb.
     0 | D:1      | Reached XP level 1. HP: 14/14 MP: 1/1
   224 | D:1      | Reached XP level 2. HP: 16/19 MP: 2/2
   753 | D:1      | Found a faded altar of an unknown god.
   920 | D:1      | Reached XP level 3. HP: 22/23 MP: 3/3
  1134 | D:2      | Found a shadowy altar of Dithmenos.
  1140 | D:2      | Slain by an iguana

Illustrated notes

Levels and vault maps discovered:
D:1:      dpeg_arrival_arbitrary_c, layout_basic,
          dreamdust_ecumenical_altar_hidden_monk_grotto, due_unseen_surprise
D:2:      layout_loops_ring, basic_altar

Skill      XL: |  1  2 |
---------------+-------+-----
Axes           | 2 |  2.3
Fighting       | |  3.5
Armour         | |  3.6
Shields        | |  3.7

Action                   || total
-------------------------++-------
Melee: War axe           ||    93
Armor: Scale mail        ||    77
Dodge: Dodged            ||    39
Block: Kite shield       ||    62

Table legend: (Time is in decaauts)
 A = Elapsed time spent in this place.
 B = Non-inter-level travel time spent in this place.
 C = Inter-level travel time spent in this place.
 D = Time resting spent in this place.
 E = Time spent auto-exploring this place.
 F = Levels seen in this place.
 G = Mean time per level.
                   A        B        C        D        E       F      G
               +--------+--------+--------+--------+--------+-----+--------+
         Total |   1197 |   1197 |      0 |    314 |    609 |   2 |  598.5 |
       Dungeon |   1197 |   1197 |      0 |    314 |    609 |   2 |  598.5 |
               +--------+--------+--------+--------+--------+-----+--------+

Top non-repeatable levels by time:
     D:1: 1189 daAuts
     D:2: 8 daAuts
